 Dungeon Crawl Stone Soup version 0.19-a0-1682-g5114f93 (webtiles) character file.

17 AlphabetPasta the Sneak (level 2, -4/22 HPs)
             Began as a Demonspawn Assassin on Sept 24, 2016.
             Slain by a kobold
             ... wielding a +2 dagger of electrocution
              (15 damage)
             ... on level 1 of the Dungeon.
             The game lasted 00:03:00 (842 turns).

AlphabetPasta the Sneak (Demonspawn Assassin)        Turns: 842, Time: 00:03:00

Health: -4/22      AC:  6    Str: 11    XL:     2   Next: 44%
Magic:  2/2        EV: 12    Int: 12    God:
Gold:   89         SH:  0    Dex: 14    Spells: 0 memorised, 1 level left

rFire  . . .     SeeInvis .     a - +2 dagger
rCold  . . .     Gourm    .     c - +0 robe
rNeg   . . .     Faith    .     (no shield)
rPois  .         Spirit   .     (no helmet)
rElec  .         Dismiss  .     d - +0 cloak
rCorr  .         Reflect  .     (no gloves)
MR     .....     Harm     .     (no boots)
Stlth  ++........               (no amulet)
                                (no ring)
                                (no ring)

@: no status effects
A: slimy green scales 1
a: no special abilities


You were on level 1 of the Dungeon.
You were not hungry.

You visited 1 branch of the dungeon, and saw 2 of its levels.

You collected 89 gold pieces.

Inventory:

Hand Weapons
 a - a +2 dagger (weapon)
 b - a +0 blowgun
Missiles
 e - 18 poisoned needles
 f - 2 curare-tipped needles
Armour
 c - a +0 robe (worn)
 d - a +0 cloak (worn)
 k - a +0 large shield
Jewellery
 l - an uncursed amulet of the gourmand {unknown}
Scrolls
 j - 2 scrolls of identify {unknown}
 o - a scroll of recharging {unknown}
 q - a scroll of teleportation {unknown}
Potions
 h - a potion of haste {unknown}
 m - a potion of brilliance {unknown}
 n - 2 potions of mutation {unknown}
 p - a potion of might {unknown}
Comestibles
 g - a bread ration


   Skills:
 + Level 2.1 Fighting
 * Level 2.0 Short Blades
 + Level 2.0 Throwing
 + Level 1.2 Dodging
 * Level 3.8 Stealth
 + Level 0.0 Shields


You had one spell level left.
You didn't know any spells.

Dungeon Overview and Level Annotations

Branches:
Dungeon (2/15)

Altars:


Innate Abilities, Weirdness & Mutations

You are partially covered in slimy green scales. (AC +2)


Message History

There is an escape hatch in the floor here.
There is a stone staircase leading down here.
You climb downwards.
A goblin and a kobold come into view.
The kobold is wielding a dagger of electrocution.
The kobold shouts!
The goblin shouts!
There is a stone staircase leading up here.
The kobold hits you but does no damage.
You climb upwards.
There is a stone staircase leading down here.
You closely miss the kobold. The kobold completely misses you.
You closely miss the kobold. The kobold hits you but does no damage.
You are electrocuted!
Ouch! That really hurt!
You closely miss the kobold. You hit the kobold.
The kobold is moderately wounded.
The kobold hits you but does no damage.
You are electrocuted!
Ouch! That really hurt!
You die...

##.............#....# #.##..#
.........#####...#.##
#.###.####
#..#....#.....#..#.#
#.........
..###..#.......#...#
##.........
####..#....<....#..#
#.......... ##
##..#.......#..## #..........
.####...#.....#...#
#..........
.........#####....#
#........).
..##............@K#
#..........
#.##...##.........#
##.).......
#.#...............# ##........
#......###...#.#..# ##.#.#####
......####........# #..#.##
......#.(....##...# ###.##..#
.....##)####.##...####...###.#
.......(# #..#..>.....### #.#
.#..#########......##### #.#


You could see a kobold.

Vanquished Creatures
  A dart slug (D:1)
  A bat (D:1)
  A giant cockroach (D:1)
  3 hobgoblins (D:1)
  A kobold (D:1)
  A frilled lizard (D:1)
  A goblin (D:1)
  7 rats (D:1)
16 creatures vanquished.

Notes
Turn   | Place    | Note
-------+----------+-------------------------------------------
     0 | D:1      | AlphabetPasta the Demonspawn Assassin began the quest for the Orb.
     0 | D:1      | Reached XP level 1. HP: 16/16 MP: 1/1
    42 | D:1      | Reached skill level 1 in Dodging
   149 | D:1      | Gained mutation: You are partially covered in slimy green scales. (AC +2) [demonic ancestry]
   149 | D:1      | Reached XP level 2. HP: 14/22 MP: 2/2
   842 | D:1      | Slain by a kobold

Vault maps used:
D:1:      scummos_arrival_hexagon
D:2:      first_bread

Skill      XL: |  1  2 |
---------------+-------+-----
Dodging        | 1 |  1.2
Throwing       | 2 |  2.0
Short Blades   | 2 |  2.0
Fighting       | |  2.1
Stealth        | |  3.8

Action                   || total
-------------------------++-------
Melee: Dagger            ||    45
 Stab: Sleeping          ||     7
Armor: Robe              ||     9
Dodge: Dodged            ||    15
